[Event "Titled Tuesday Blitz November 15 Late 2022"]
[White "Timmermans, Mark"]
[Black "Baltaci, Ismail Tarik"]
[WhiteFideId "1026399"]
[BlackFideId "6365213"]
[WhiteElo "2460"]
[BlackElo "2337"]
[Result "0-1"]
[Round "01"]
[TimeControl "180+1"]
[Date "2022.11.16"]
[WhiteClock "0:00:11"]
[BlackClock "0:00:08"]

1. b4 d5 2. Bb2 Nf6 3. b5 Bf5 4. e3 Nbd7 5. Nf3 e6 6. c4 Bd6 7. a4 O-O 8. Be2 dxc4 9. Bxc4 e5 10. O-O Qe7 11. h3 Rad8 12. Nc3 Rfe8 13. d4 exd4 14. Nxd4 Bg6 15. Qb3 Ne5 16. Be2 Nd3 17. Bxd3 Bxd3 18. Rfd1 Bg6 19. Nf3 Bh5 20. Ne2 Ne4 21. Ned4 Ng5 22. Ba3 Nxf3+ 23. Nxf3 Bxf3 24. gxf3 Bxa3 25. Rxd8 Rxd8 26. Qxa3 Qg5+ 27. Kf1 Qf5 28. Rc1 Qxf3 29. Qe7 Qxh3+ 30. Ke2 Qd7 31. Qxd7 Rxd7 32. a5 Kf8 33. a6 bxa6 34. bxa6 Ke7 35. Rb1 Rd6 36. Rb7 Rxa6 37. Rxc7+ Kf6 38. f4 h6 39. Kf3 g5 40. e4 Ra3+ 41. Kg4 h5+ 42. Kxh5 gxf4 43. Kg4 f3 44. Kf4 f2 45. Rc6+ Ke7 46. Rc1 Ra2 47. Kf3 a5 48. Kg2 Ke6 49. Rc5 a4 50. Ra5 a3 51. Kf1 Ra1+ 52. Kxf2 a2 53. Kg2 f6 54. Kh2 Kd6 55. Kg2 Kc6 56. Kh2 Kb6 57. Ra3 Kc5 58. Ra4 Kb5 59. Ra3 Kb4 60. Ra7 Kc3 61. Kg2 Kd3 62. Ra4 Ke3 63. Kh2 Kf3 64. Ra3+ Kxe4 65. Kg2 f5 66. Ra4+ Ke5 67. Ra3 f4 68. Kh2 Ke4 69. Ra4+ Kf3 70. Ra3+ Kg4 71. Ra4 Kg5 72. Ra5+ Kh4 73. Ra4 Kg4 74. Kg2 Kf5 75. Ra5+ Ke4 76. Ra4+ Ke3 77. Ra3+ Ke2 78. Ra4 f3+ 79. Kg3 f2 80. Re4+ Kd3 81. Rf4 f1=Q 0-1


[Site "https://www.chess.com"]

[Event "Titled Tuesday Blitz November 15 Late 2022"]
[White "Toncheva, Nadya"]
[Black "Naroditsky, Daniel"]
[WhiteFideId "2924056"]
[BlackFideId "2026961"]
[WhiteElo "2101"]
[BlackElo "2628"]
[Result "0-1"]
[Round "01"]
[TimeControl "180+1"]
[Date "2022.11.15"]
[WhiteClock "0:00:03"]
[BlackClock "0:01:47"]

1. e4 c6 2. d4 d5 3. Nc3 dxe4 4. Nxe4 Nf6 5. Nxf6+ exf6 6. c3 Bd6 7. Bd3 O-O 8. Ne2 Re8 9. O-O Qc7 10. Ng3 Nd7 11. f4 Nf8 12. f5 c5 13. d5 Nd7 14. Nh5 Ne5 15. Bf4 Kh8 16. Bc2 b5 17. Bxe5 Rxe5 18. Qf3 Bb7 19. Rad1 Rae8 20. Qg4 Bf8 21. Rd3 Re4 22. Qh3 Qe5 23. Rg3 Re3 24. Bd1 Bxd5 25. Bf3 Bxf3 26. Rgxf3 Rxf3 27. Qxf3 Qe2 28. Qxe2 Rxe2 29. Rf2 Re5 30. Kf1 c4 31. Ng3 g6 32. Re2 Rxe2 33. Kxe2 Kg7 34. Kf3 Bd6 35. Ne4 Bxh2 36. g3 Bg1 37. Nd6 a6 38. Nc8 Bc5 39. Ke4 h5 40. Kd5 Bf2 41. Nd6 Bxg3 42. Ne4 h4 0-1


[Site "https://www.chess.com"]

[Event "Titled Tuesday Blitz November 15 Late 2022"]
[White "Tristan, Leonardo"]
[Black "Zanette, Edgard Vinicius"]
[WhiteFideId "113816"]
[BlackFideId "2109263"]
[WhiteElo "2461"]
[BlackElo "2211"]
[Result "1-0"]
[Round "01"]
[TimeControl "180+1"]
[Date "2022.11.16"]
[WhiteClock "0:00:56"]
[BlackClock "0:00:07"]

1. d4 Nf6 2. Nf3 e6 3. Bf4 d5 4. e3 Bd6 5. Nbd2 O-O 6. Bd3 c5 7. dxc5 Bxc5 8. O-O Nc6 9. a3 a6 10. c4 dxc4 11. Nxc4 b5 12. Nce5 Nxe5 13. Bxe5 Bb7 14. Qc2 Rc8 15. Rad1 Qe7 16. Bxf6 Qxf6 17. Bxh7+ Kh8 18. Be4 Bxa3 19. Qb1 Bxe4 20. Qxe4 Bxb2 21. h4 Qf5 22. Qb7 a5 23. Rb1 Rc2 24. Qe7 Rfc8 25. Ng5 Kg8 26. Rbd1 Bf6 27. Qxf7+ Kh8 28. Qh5+ Kg8 29. e4 Qe5 30. Qh7+ Kf8 31. Rd7 Ke8 32. Rfd1 Be7 33. Qg6+ Kf8 34. Qf7# 1-0


[Site "https://www.chess.com"]

[Event "Titled Tuesday Blitz November 15 Late 2022"]
[White "Vega Gutierrez, Sabrina"]
[Black "Tang, Andrew"]
[WhiteFideId "2219026"]
[BlackFideId "2059630"]
[WhiteElo "2261"]
[BlackElo "2581"]
[Result "0-1"]
[Round "01"]
[TimeControl "180+1"]
[Date "2022.11.16"]
[WhiteClock "0:00:03"]
[BlackClock "0:00:28"]

1. e4 b5 2. Nf3 Bb7 3. d3 g6 4. g3 Bg7 5. Bg2 d6 6. O-O Nf6 7. a4 b4 8. a5 O-O 9. Bd2 c5 10. c3 bxc3 11. bxc3 Qc7 12. Na3 Qxa5 13. e5 dxe5 14. Nc4 Qc7 15. Ncxe5 Nc6 16. Bf4 Nxe5 17. Bxe5 Qd7 18. Rb1 Bc6 19. Bf4 Qc8 20. Re1 Nd5 21. Bd2 Nxc3 22. Bxc3 Bxc3 23. Rxe7 a5 24. Ne5 Bxg2 25. Kxg2 a4 26. Qf3 Bxe5 27. Rxe5 a3 28. Qe3 Qc6+ 29. Kg1 Rfb8 30. Rc1 a2 31. Rexc5 Qf6 0-1


[Site "https://www.chess.com"]

[Event "Titled Tuesday Blitz November 15 Late 2022"]
[White "Vujic, Mihailo"]
[Black "Wieczorek, Oskar"]
[WhiteFideId "918873"]
[BlackFideId "1133950"]
[WhiteElo "2256"]
[BlackElo "2404"]
[Result "0-1"]
[Round "01"]
[TimeControl "180+1"]
[Date "2022.11.16"]
[WhiteClock "0:00:02"]
[BlackClock "0:00:01"]

1. e4 c5 2. c3 d6 3. Nf3 Nf6 4. Be2 g6 5. O-O Bg7 6. Bb5+ Nfd7 7. Re1 O-O 8. d4 a6 9. Bf1 Nc6 10. d5 Nce5 11. Nxe5 Nxe5 12. h3 b5 13. Nd2 Rb8 14. f4 Nd7 15. Nf3 Nb6 16. Bd3 f5 17. exf5 gxf5 18. Bc2 Bb7 19. Nh4 e6 20. Qh5 Bxd5 21. g4 Nd7 22. gxf5 Nf6 23. Qg5 Kh8 24. fxe6 Rg8 25. e7 Qe8 26. Bxh7 Nxh7 27. Ng6+ Qxg6 28. Qxg6 Bd4+ 29. Kh2 Rxg6 30. e8=Q+ Rxe8 31. Rxe8+ Kg7 32. cxd4 Rg2+ 33. Kh1 Re2+ 34. Kg1 Rxe8 35. dxc5 dxc5 36. Bd2 Nf6 37. Bc3 Kf7 38. Bxf6 Kxf6 39. Kf2 Re4 40. Kg3 Re3+ 41. Kg4 Be6+ 42. f5 Bxf5+ 43. Kf4 Rxh3 44. b4 Rh4+ 45. Ke3 Rxb4 46. a3 Rb1 47. Ra2 c4 48. a4 c3 49. Kd4 c2 50. axb5 c1=Q 51. Rxa6+ Kg5 52. Ke5 Qe3+ 53. Kd5 Rd1+ 54. Kc4 Qd4+ 55. Kb3 Rb1+ 56. Ka2 Qa1# 0-1


[Site "https://www.chess.com"]

[Event "Titled Tuesday Blitz November 15 Late 2022"]
[White "Wadsworth, Matthew J"]
[Black "Thiel, Thomas"]
[WhiteFideId "415804"]
[BlackFideId "4615964"]
[WhiteElo "2367"]
[BlackElo "2230"]
[Result "1-0"]
[Round "01"]
[TimeControl "180+1"]
[Date "2022.11.16"]
[WhiteClock "0:00:56"]
[BlackClock "0:01:21"]

1. c4 Nf6 2. g3 c6 3. Bg2 d5 4. Nf3 dxc4 5. O-O Be6 6. Na3 Na6 7. Ng5 Bd5 8. e4 h6 9. exd5 hxg5 10. dxc6 b6 11. Nxc4 Nc7 12. d4 g4 13. Bf4 e6 14. Re1 Be7 15. Ne5 Ncd5 16. Bg5 Rc8 17. Rc1 O-O 18. Nxg4 Nxg4 19. Bxe7 Qxe7 20. Qxg4 Qf6 21. Bxd5 exd5 22. c7 Qd6 23. Qf4 Qd7 24. h4 f6 25. Re3 Kf7 26. Rec3 Rfe8 27. Kg2 Re4 28. Qf3 Rxd4 29. Re3 Rxc7 30. Qh5+ 1-0


[Site "https://www.chess.com"]

[Event "Titled Tuesday Blitz November 15 Late 2022"]
[White "Ward, Ieuan C"]
[Black "Shuvalova, Polina"]
[WhiteFideId "406627"]
[BlackFideId "24171760"]
[WhiteElo "2336"]
[BlackElo "2342"]
[Result "1/2-1/2"]
[Round "01"]
[TimeControl "180+1"]
[Date "2022.11.16"]
[WhiteClock "0:00:12"]
[BlackClock "0:00:18"]

1. d4 Nf6 2. c4 e6 3. Nf3 d5 4. Nc3 c5 5. e3 Nc6 6. Be2 dxc4 7. Bxc4 a6 8. O-O b5 9. Bb3 Bb7 10. Qe2 cxd4 11. exd4 Be7 12. Rd1 Na5 13. Bc2 O-O 14. Bg5 h6 15. Bh4 b4 16. Na4 Rc8 17. Rac1 Nc4 18. Ne5 Nd6 19. Nc5 Bd5 20. Nxa6 Nf5 21. Bxf6 Bxf6 22. Nxb4 Bb7 23. Bxf5 exf5 24. Rxc8 Qxc8 25. a3 Re8 26. Qd2 Rd8 27. Qf4 Qe6 28. Re1 Be4 29. f3 Bb7 30. Nbd3 Qd5 31. b4 Qxd4+ 32. Qxd4 Rxd4 33. Nc5 Bd5 34. Ned7 Bh4 35. g3 Bg5 36. f4 Bf6 37. Nxf6+ gxf6 38. Kf2 Rd2+ 39. Re2 Rd1 40. Ke3 Ra1 41. Kd4 Bf3 42. Rf2 Rxa3 43. b5 Bh1 44. b6 Ra1 45. Rb2 Ra8 46. b7 Rb8 47. Rb6 Kg7 48. Kc4 Kg6 49. Kb5 Kh5 50. Ka6 Kg4 51. Nd7 Rxb7 52. Rxb7 Bxb7+ 53. Kxb7 Kh3 54. Nxf6 Kxh2 55. Nh5 Kh3 56. Kc6 Kg4 57. Ng7 Kxg3 58. Nxf5+ Kxf4 59. Nxh6 f6 60. Kd6 Kg5 61. Nf7+ Kg6 62. Ne5+ fxe5 63. Kxe5 1/2-1/2


[Site "https://www.chess.com"]

[Event "Titled Tuesday Blitz November 15 Late 2022"]
[White "Wartiovaara, Oliver"]
[Black "Paravyan, David"]
[WhiteFideId "513024"]
[BlackFideId "4194985"]
[WhiteElo "2213"]
[BlackElo "2546"]
[Result "0-1"]
[Round "01"]
[TimeControl "180+1"]
[Date "2022.11.15"]
[WhiteClock "0:00:07"]
[BlackClock "0:00:18"]

1. e4 e5 2. Nf3 Nf6 3. Nxe5 d6 4. Nf3 Nxe4 5. d4 d5 6. Bd3 Bd6 7. O-O O-O 8. c4 c6 9. Nc3 Nxc3 10. bxc3 dxc4 11. Bxc4 Bf5 12. Re1 Nd7 13. Bg5 Qa5 14. d5 Nb6 15. Bb3 cxd5 16. Nd4 Bg6 17. Rc1 Ba3 18. Be7 Rfe8 19. Bxa3 Qxa3 20. h3 Qc5 21. Qf3 a5 22. a4 h6 23. h4 Rac8 24. h5 Be4 25. Qg3 Nc4 26. Rxe4 Rxe4 27. Nf5 Qf8 28. Bc2 Re6 29. Rd1 Nd6 30. Nxd6 Qxd6 31. Qd3 g6 32. Bb3 Rce8 33. g3 Re1+ 34. Rxe1 Rxe1+ 35. Kg2 Re5 36. hxg6 Qxg6 37. Qb5 Qe4+ 38. Kh2 Rh5+ 0-1


[Site "https://www.chess.com"]

[Event "Titled Tuesday Blitz November 15 Late 2022"]
[White "Winterberg, Lukas"]
[Black "Swiercz, Dariusz"]
[WhiteFideId "24622702"]
[BlackFideId "1126881"]
[WhiteElo "2349"]
[BlackElo "2627"]
[Result "0-1"]
[Round "01"]
[TimeControl "180+1"]
[Date "2022.11.15"]
[WhiteClock "0:00:27"]
[BlackClock "0:00:30"]

1. d4 Nf6 2. Nf3 d5 3. c4 e6 4. Nc3 Be7 5. g3 O-O 6. Bg2 c6 7. O-O Nbd7 8. Nd2 Nb6 9. c5 Nbd7 10. e4 b6 11. e5 Ne8 12. cxb6 axb6 13. f4 Ba6 14. Rf2 Nc7 15. Nf3 c5 16. g4 b5 17. Be3 b4 18. Ne2 Nb5 19. f5 cxd4 20. Nexd4 Nxd4 21. Bxd4 Bc5 22. Rc1 Rc8 23. Bf1 Bxf1 24. Kxf1 Bxd4 25. Rxc8 Qxc8 26. Qxd4 Qa6+ 27. Kg2 Qxa2 28. Qxb4 Qa7 29. Qd6 Nc5 30. Ng5 Nd3 31. Rf1 Qe3 32. Nxh7 Rc8 33. Kh1 Kxh7 34. fxe6 Qe4+ 35. Kg1 Rc2 0-1


[Site "https://www.chess.com"]

[Event "Titled Tuesday Blitz November 15 Late 2022"]
[White "Wu, Rochelle"]
[Black "Stanisz, Patryk"]
[WhiteFideId "30908132"]
[BlackFideId "1123106"]
[WhiteElo "2217"]
[BlackElo "2069"]
[Result "1-0"]
[Round "01"]
[TimeControl "180+1"]
[Date "2022.11.16"]
[WhiteClock "0:01:56"]
[BlackClock "0:00:35"]

1. d4 d5 2. c4 c6 3. Nc3 Nf6 4. cxd5 cxd5 5. Nf3 a6 6. Bf4 Nc6 7. e3 g6 8. Bd3 Bg7 9. O-O O-O 10. Rc1 Bg4 11. h3 Bxf3 12. Qxf3 Rc8 13. Rfd1 e6 14. a3 Na5 15. Na4 Nd7 16. Qg3 Nc6 17. Bd6 Re8 18. Nc5 Nxc5 19. Rxc5 Qb6 20. b4 Na7 21. Bc7 Rxc7 22. Qxc7 Qxc7 23. Rxc7 Rb8 24. Rdc1 Nc6 25. Bxa6 Nxd4 26. exd4 bxa6 27. Rc8+ Rxc8 28. Rxc8+ Bf8 29. a4 Kg7 30. b5 axb5 31. axb5 e5 32. b6 exd4 33. b7 Bd6 34. Rd8 Bc7 35. Rxd5 Kf6 36. Rxd4 Ke6 37. Rb4 Bb8 38. Rc4 Kd7 39. Rc8 1-0


[Site "https://www.chess.com"]

[Event "Titled Tuesday Blitz November 15 Late 2022"]
[White "Xiong, Jeffery"]
[Black "Vlassov, Nikolai"]
[WhiteFideId "2047640"]
[BlackFideId "4103360"]
[WhiteElo "2725"]
[BlackElo "2324"]
[Result "1-0"]
[Round "01"]
[TimeControl "180+1"]
[Date "2022.11.15"]
[WhiteClock "0:00:12"]
[BlackClock "0:00:02"]

1. d4 Nf6 2. c4 Nc6 3. Nc3 e5 4. d5 Ne7 5. Nf3 Ng6 6. h4 h5 7. g3 Ng4 8. Ng5 Bc5 9. e3 d6 10. Bd3 Ne7 11. Qf3 f6 12. Ne6 Bxe6 13. dxe6 c6 14. Bd2 Qc8 15. Bf5 Nxf5 16. Qxf5 Ke7 17. Qg6 Qxe6 18. Qxg7+ Qf7 19. Qxf7+ Kxf7 20. Ne4 f5 21. Nxc5 dxc5 22. Bc3 Ke6 23. Ke2 Rhd8 24. f3 Nf6 25. Rad1 b5 26. Rxd8 Rxd8 27. Rc1 bxc4 28. Bd2 Rb8 29. Rxc4 Rxb2 30. Rxc5 Rxa2 31. Rxc6+ Kf7 32. Kd1 e4 33. Rc5 Ke6 34. Rc6+ Kf7 35. fxe4 Nxe4 36. Be1 a5 37. Rh6 a4 38. Rxh5 Kg6 39. Rh8 a3 40. Ra8 Ra1+ 41. Ke2 a2 42. Ra5 Nf6 43. Bc3 Rc1 44. Bxf6 Kxf6 45. Rxa2 Rh1 46. Kf3 Rf1+ 47. Rf2 Re1 48. Kf4 Kg6 49. h5+ Kxh5 50. Kxf5 Kh6 51. e4 Kg7 52. e5 Ra1 53. g4 Ra2 54. Rxa2 1-0


[Site "https://www.chess.com"]

[Event "Titled Tuesday Blitz November 15 Late 2022"]
[White "Yanchenko, Roman"]
[Black "Gonzalez, Francisco Silva"]
[WhiteFideId "4137329"]
[BlackFideId "1512285"]
[WhiteElo "2489"]
[BlackElo "2159"]
[Result "1-0"]
[Round "01"]
[TimeControl "180+1"]
[Date "2022.11.16"]
[WhiteClock "0:01:22"]
[BlackClock "0:00:23"]

1. d4 Nf6 2. c4 e6 3. Nf3 d5 4. Nc3 a6 5. Bg5 dxc4 6. a4 Nc6 7. e3 Na5 8. Ne5 Bb4 9. Nxc4 Qd5 10. Bxf6 Nxc4 11. Bxg7 Rg8 12. Qb3 Nxe3 13. Qxb4 Nc2+ 14. Kd2 Nxb4 15. Nxd5 Nxd5 16. Be5 f6 17. Bg3 e5 18. dxe5 fxe5 19. Re1 Be6 20. Rxe5 Kd7 21. Bc4 c6 22. Rhe1 Rae8 23. a5 Rg4 24. b3 Rd4+ 25. Kc1 Rg4 26. Kb2 Rd4 27. R5e2 h5 28. f3 h4 29. Be5 Rxc4 30. bxc4 Ne7 31. Rd2+ Kc8 32. Bf6 Nf5 33. Re5 Kc7 34. Kc3 Kc8 35. Kb4 Kc7 36. Kc5 Bd7 37. Rxe8 Bxe8 38. Bd8+ Kc8 39. Bb6 Bd7 40. Re2 Ng7 41. g4 Ne6+ 42. Kd6 Nf4 43. Re7 Nd5 44. cxd5 1-0


[Site "https://www.chess.com"]

[Event "Titled Tuesday Blitz November 15 Late 2022"]
[White "Yano, William Jorge Froes"]
[Black "Mladenovic, Stefan"]
[WhiteFideId "2112949"]
[BlackFideId "942227"]
[WhiteElo "2122"]
[BlackElo "2337"]
[Result "0-1"]
[Round "01"]
[TimeControl "180+1"]
[Date "2022.11.16"]
[WhiteClock "0:01:26"]
[BlackClock "0:02:33"]

1. e4 c5 2. Nf3 d6 3. Bb5+ Bd7 4. Bxd7+ Qxd7 5. O-O Nc6 6. c3 Nf6 7. Qe2 e6 8. d4 cxd4 9. cxd4 d5 10. e5 Ne4 11. Nbd2 Nxd2 12. Bxd2 Be7 13. Rac1 O-O 14. h4 f6 15. h5 fxe5 16. dxe5 Rf5 17. h6 g6 18. a3 Raf8 19. b4 a6 20. Rb1 Rxf3 21. gxf3 Nd4 22. Qd3 Nxf3+ 23. Kg2 Nxe5 24. Qg3 Nf3 25. Bf4 Nh4+ 26. Kh2 Rxf4 27. Qxf4 Bd6 28. Qg3 Bxg3+ 29. fxg3 Nf5 30. Rbe1 Nxh6 31. Rf5 Nxf5 0-1


[Site "https://www.chess.com"]

[Event "Titled Tuesday Blitz November 15 Late 2022"]
[White "Zhalmakhanov, Ramazan"]
[Black "Leenhouts, Koen"]
[WhiteFideId "13706357"]
[BlackFideId "1008439"]
[WhiteElo "2405"]
[BlackElo "2409"]
[Result "0-1"]
[Round "01"]
[TimeControl "180+1"]
[Date "2022.11.15"]
[WhiteClock "0:00:07"]
[BlackClock "0:00:42"]

1. e4 e5 2. Nf3 d6 3. d4 exd4 4. Nxd4 Nf6 5. Nc3 Be7 6. Bf4 O-O 7. Qd2 Nc6 8. O-O-O Nxd4 9. Qxd4 Be6 10. f3 a6 11. g4 b5 12. Kb1 Nd7 13. h4 c5 14. Qf2 Nb6 15. g5 b4 16. Nd5 Nxd5 17. exd5 Bf5 18. Bd3 Qd7 19. Rhe1 Rfe8 20. Bxf5 Qxf5 21. Qg3 c4 22. Bxd6 Bxd6 23. Qxd6 b3 24. axb3 cxb3 25. Rxe8+ Rxe8 26. Qc6 Rc8 27. Re1 Qxc2+ 28. Qxc2 bxc2+ 29. Kc1 Kf8 30. Re2 Rc5 31. d6 Rd5 32. Rd2 Rxd2 33. Kxd2 Ke8 34. Kxc2 Kd7 35. Kb3 Kxd6 36. Ka4 Kc6 37. Ka5 Kb7 38. h5 g6 39. h6 Ka7 40. Kb4 Kb6 41. Kc4 Kc6 42. Kd4 Kd6 43. f4 Ke6 44. Kc5 Kf5 45. Kb6 Kxf4 46. Kxa6 Kxg5 47. b4 f5 48. b5 f4 49. b6 f3 50. b7 f2 51. b8=Q f1=Q+ 52. Ka5 Qa1+ 0-1


[Site "https://www.chess.com"]

[Event "Titled Tuesday Blitz November 15 Late 2022"]
[White "Zhigalko, Sergei"]
[Black "Kleinman, Michael"]
[WhiteFideId "13502956"]
[BlackFideId "2609479"]
[WhiteElo "2662"]
[BlackElo "2287"]
[Result "1-0"]
[Round "01"]
[TimeControl "180+1"]
[Date "2022.11.16"]
[WhiteClock "0:02:03"]
[BlackClock "0:00:54"]

1. e4 c6 2. d4 d5 3. e5 Bf5 4. Nf3 e6 5. Be2 Ne7 6. O-O h6 7. Nbd2 c5 8. dxc5 Nec6 9. Nb3 Nd7 10. Be3 Ndxe5 11. Nxe5 Nxe5 12. Bb5+ Nc6 13. Nd4 Rc8 14. Nxf5 exf5 15. Qf3 d4 16. Rad1 Bxc5 17. Qxf5 O-O 18. Qxc5 Qa5 19. Bd2 Qxa2 20. Bxc6 Rxc6 21. Qxd4 Rxc2 22. Bc3 f6 23. Ra1 Qf7 24. Qe4 1-0


[Site "https://www.chess.com"]

[Event "Titled Tuesday Blitz November 15 Late 2022"]
[White "Zhurbinsky, David"]
[Black "Svicevic, Rastko"]
[WhiteFideId "2072904"]
[BlackFideId "916315"]
[WhiteElo "2570"]
[BlackElo "2077"]
[Result "1-0"]
[Round "01"]
[TimeControl "180+1"]
[Date "2022.11.16"]
[WhiteClock "0:00:08"]
[BlackClock "0:00:01"]

1. e4 c6 2. d4 d5 3. Nc3 dxe4 4. Nxe4 Nf6 5. Nxf6+ exf6 6. c3 Bd6 7. Bd3 O-O 8. Qf3 Re8+ 9. Ne2 Nd7 10. O-O Nf8 11. Ng3 g6 12. Bh6 f5 13. Rfe1 Be6 14. Ne2 Bd5 15. Qh3 Ne6 16. c4 Be4 17. Bxe4 fxe4 18. Rad1 f5 19. d5 cxd5 20. Rxd5 Qc7 21. Red1 Rad8 22. Nc3 Bf8 23. Bxf8 Nxf8 24. Qh4 Rd7 25. Qf6 Rf7 26. Qh4 Qxc4 27. h3 f4 28. Nb5 e3 29. fxe3 Qe2 30. Nd6 Qxe3+ 31. Kh1 f3 32. Nxf7 fxg2+ 33. Kxg2 Kxf7 34. Rf1+ Kg8 35. Rdd1 Qb6 36. Qf2 Qb5 37. Qf7+ Kh8 38. Qf6+ Kg8 39. Qf7+ Kh8 40. Rd2 Qc6+ 41. Rf3 Ne6 42. Qf6+ Kg8 43. Qf7+ Kh8 44. Kh2 1-0


[Site "https://www.chess.com"]

[Event "Titled Tuesday Blitz November 15 Late 2022"]
[White "chess50years"]
[Black "Yurovskykh, Oleksandr"]
[BlackFideId "14134020"]
[WhiteElo "2140"]
[BlackElo "2265"]
[Result "0-1"]
[Round "01"]
[TimeControl "180+1"]
[Date "2022.11.16"]
[WhiteClock "0:00:06"]
[BlackClock "0:00:25"]

1. d4 Nf6 2. c4 e6 3. Nc3 Bb4 4. Bg5 c5 5. Nf3 h6 6. Bxf6 Qxf6 7. e3 Bxc3+ 8. bxc3 O-O 9. Be2 d6 10. O-O Nc6 11. Nd2 b6 12. Bf3 Bb7 13. Qa4 Rfc8 14. Rac1 Qe7 15. h3 Na5 16. Bxb7 Qxb7 17. Qd1 Qa6 18. Qa4 Rc7 19. Qb5 Qxb5 20. cxb5 cxd4 21. cxd4 Rac8 22. Rxc7 Rxc7 23. Nb3 Rc2 24. Nxa5 bxa5 25. Rb1 Rxa2 26. b6 axb6 27. Rxb6 d5 28. Rb8+ Kh7 29. Ra8 h5 30. h4 Kg6 31. g3 Kf5 32. Ra7 Kf6 33. Kg2 Ra1 34. Kf3 a4 35. Kg2 a3 36. Kf3 Kg6 37. Kg2 f6 38. Kf3 Kf5 39. Rxg7 Rb1 40. Ra7 Rb3 41. Rh7 a2 42. Ra7 Rb2 43. Kg2 Ke4 44. Ra6 Kd3 45. Ra7 f5 46. Ra6 Kc2 47. Rc6+ Kb1 48. Kf3 a1=Q 0-1


[Site "https://www.chess.com"]

[Event "Titled Tuesday Blitz November 15 Late 2022"]
[White "Aggelis, Nikolaos"]
[Black "Kaplan, Avi Harrison"]
[WhiteFideId "4213220"]
[BlackFideId "30934559"]
[WhiteElo "2189"]
[BlackElo "1983"]
[Result "0-1"]
[Round "02"]
[TimeControl "180+1"]
[Date "2022.11.16"]
[WhiteClock "0:00:08"]
[BlackClock "0:00:04"]

1. d4 Nf6 2. Nf3 c5 3. d5 b5 4. e4 Nxe4 5. Nbd2 Nxd2 6. Qxd2 a6 7. a4 b4 8. b3 d6 9. Bb2 e5 10. dxe6 Bxe6 11. Be2 Be7 12. Bxg7 Rg8 13. Qh6 Bf5 14. O-O Nd7 15. Rfe1 Qc7 16. Bc4 Nb6 17. Bf6 Rg6 18. Qh4 Be6 19. Bxe6 Bxf6 20. Bf5+ Kf8 21. Qxh7 Rg8 22. Be6 Bxa1 23. Rxa1 Re8 24. Re1 Qb7 25. Kf1 Nd5 26. Qh6+ Rg7 27. Ng5 fxe6 28. Nxe6+ Rxe6 29. Qxe6 Re7 30. Qh6+ Ke8 31. Qh5+ Kd8 32. Qg5 Kd7 33. Rxe7+ Nxe7 34. h4 Qd5 35. h5 Qxg5 36. h6 Qxh6 0-1


[Site "https://www.chess.com"]

[Event "Titled Tuesday Blitz November 15 Late 2022"]
[White "Aguilar, Juan"]
[Black "Bordi, Kevin"]
[WhiteFideId "3800091"]
[BlackFideId "621862"]
[WhiteElo "2430"]
[BlackElo "2805"]
[Result "0-1"]
[Round "02"]
[TimeControl "180+1"]
[Date "2022.11.16"]
[WhiteClock "0:00:16"]
[BlackClock "0:01:05"]

1. d4 d5 2. c4 c6 3. Nf3 Nf6 4. Qc2 g6 5. Bf4 Bf5 6. Qb3 Qb6 7. c5 Qxb3 8. axb3 Nbd7 9. Nc3 Bg7 10. e3 O-O 11. h3 a6 12. Be2 Ne4 13. O-O Rfe8 14. Ra4 e5 15. Nxe5 Nxe5 16. Bxe5 Bxe5 17. dxe5 Nxc5 18. Ra3 Rxe5 19. b4 Ne4 20. Na4 Rae8 21. Nc5 Nxc5 22. bxc5 d4 23. Rb3 Bc8 24. Rc1 dxe3 25. fxe3 Rxe3 26. Rxe3 Rxe3 27. Kf2 Rb3 28. Rd1 Kg7 29. Rd8 Be6 30. Rd2 Bd5 31. Bf3 Bxf3 32. gxf3 h5 33. h4 Kf6 34. Kg3 Ke6 35. Kf4 f6 36. Rd6+ Ke7 37. Rd2 Rb4+ 38. Kg3 Rb5 39. Rc2 Ke6 40. Kf4 Kd5 41. Rg2 Rb4+ 42. Ke3 Rxh4 43. Rxg6 Kxc5 44. Rxf6 Rb4 45. Rf5+ Kb6 46. Rxh5 Rxb2 47. f4 a5 48. f5 Rb1 49. f6 Rf1 50. Rh6 a4 51. Ke4 a3 0-1


[Site "https://www.chess.com"]

[Event "Titled Tuesday Blitz November 15 Late 2022"]
[White "Alexikov, Alexander"]
[Black "Riehle, Marco"]
[WhiteFideId "14103958"]
[BlackFideId "12904392"]
[WhiteElo "2222"]
[BlackElo "2462"]
[Result "0-1"]
[Round "02"]
[TimeControl "180+1"]
[Date "2022.11.16"]
[WhiteClock "0:00:01"]
[BlackClock "0:01:31"]

1. e4 e5 2. Nf3 Nf6 3. d4 Nxe4 4. Bd3 Nc6 5. d5 Nf6 6. dxc6 e4 7. Qe2 Qe7 8. cxd7+ Bxd7 9. Bxe4 Qxe4 10. Qxe4+ Nxe4 11. Nbd2 Bc6 12. Ne5 Nxd2 13. Nxc6 Nf3+ 14. Ke2 bxc6 15. Kxf3 O-O-O 16. Be3 Be7 17. Rhd1 Rd6 18. Rd2 Rhd8 19. Rad1 a6 20. c4 g5 21. g4 Rf8 22. Rxd6 cxd6 23. Ke4 h5 24. h3 hxg4 25. hxg4 Re8 26. Kf5 Bd8 27. Rxd6 f6 28. Bd4 Re2 29. Rxc6+ Kd7 30. Rxa6 Be7 31. c5 Rd2 32. Ra7+ Ke8 33. Ke6 Bd8 34. Rh7 Re2+ 35. Kd5 Rd2 36. b4 Rxa2 37. Rh8+ Ke7 38. Rh7+ Ke8 39. Ke6 Ra6+ 0-1


[Site "https://www.chess.com"]

[Event "Titled Tuesday Blitz November 15 Late 2022"]
[White "Andreassen, Lars"]
[Black "Vega Gutierrez, Sabrina"]
[WhiteFideId "1504878"]
[BlackFideId "2219026"]
[WhiteElo "2119"]
[BlackElo "2261"]
[Result "0-1"]
[Round "02"]
[TimeControl "180+1"]
[Date "2022.11.16"]
[WhiteClock "0:00:36"]
[BlackClock "0:00:03"]

1. d4 Nf6 2. Nf3 g6 3. Nc3 d5 4. Bg5 Bg7 5. Bxf6 exf6 6. e3 O-O 7. Bd3 c6 8. O-O f5 9. g3 Nd7 10. Ne2 Nf6 11. c3 Ne4 12. Ne5 f6 13. Nf3 g5 14. Nd2 Be6 15. f3 Nd6 16. Qc2 Qd7 17. e4 Rae8 18. exd5 cxd5 19. Rae1 Bf7 20. Qb3 Re3 21. Nc1 Rfe8 22. Kf2 Qe7 23. Qd1 f4 24. Ndb3 f5 25. Na1 g4 26. fxg4 fxg4 27. Nc2 fxg3+ 28. hxg3 Rf3+ 29. Kg2 Ne4 30. Rxf3 gxf3+ 31. Qxf3 Qg5 32. Bxe4 dxe4 33. Rxe4 Rxe4 34. Qxe4 Bd5 35. Qxd5+ Qxd5+ 36. Kf2 Qf5+ 0-1


[Site "https://www.chess.com"]

[Event "Titled Tuesday Blitz November 15 Late 2022"]
[White "Andreikin, Dmitry"]
[Black "Mirzoev, Azer"]
[WhiteFideId "4158814"]
[BlackFideId "13400304"]
[WhiteElo "2736"]
[BlackElo "2525"]
[Result "1-0"]
[Round "02"]
[TimeControl "180+1"]
[Date "2022.11.15"]
[WhiteClock "0:00:53"]
[BlackClock "0:00:02"]

1. d4 d5 2. c4 c6 3. Nf3 Nf6 4. Qc2 g6 5. cxd5 cxd5 6. Bf4 Nc6 7. Nc3 Bg7 8. e3 O-O 9. h3 Bf5 10. Qb3 Na5 11. Qb4 Ne4 12. Be2 Rc8 13. Rc1 Qb6 14. Qxb6 axb6 15. Ne5 g5 16. Bh2 f6 17. Nd3 Nxc3 18. bxc3 e6 19. Nb2 Nc6 20. Kd2 Ra8 21. a4 Na5 22. Bd1 Rfc8 23. Bd6 Bg6 24. h4 h6 25. hxg5 hxg5 26. Bb4 Be8 27. Ra1 Nc6 28. Bd6 Na5 29. Bc2 Bf8 30. Bxf8 Kxf8 31. Rh7 Bf7 32. Rah1 Ke7 33. Bg6 Rf8 34. Rg7 Nc6 35. Rxf7+ Rxf7 36. Bxf7 Kxf7 37. Rh7+ Kg6 38. Rxb7 Ra6 39. c4 dxc4 40. Kc3 Na5 41. Rc7 g4 42. Kb4 f5 43. Kb5 Ra8 44. Nxc4 Nxc4 45. Rxc4 f4 46. exf4 Kf5 47. Kxb6 Kxf4 48. d5+ Ke5 49. dxe6 1-0


[Site "https://www.chess.com"]